Map: Overgrowth LE (Void)

Players

ZhuGeLiang

  • Race: Zerg Zerg
  • League: Grandmaster
  • Spawn Location: 1:00

ShoWTimE - Winner!

  • Race: Protoss Protoss
  • League: Master
  • Spawn Location: 7:00

Event: NationWars IV

VOD

Have the link to the VOD?

Description

Time

  • Played on: Jan. 2, 2017, 11:49 a.m.
  • Length: 14:36
Show
View Real Time Build Order
Export as new Build Order

ZhuGeLiang Zerg 

Build Orders: Hatch First 

Get SALT Encoding   

  12  0:00  Drone  
  13  0:12  Overlord  
  13  0:17  Drone  
  14  0:30  Drone x2  
  16  0:48  Hatchery  
  15  0:51  Drone  
  15  0:54  Drone  
  17  0:58  Drone  
  18  1:05  Extractor  
  17  1:13  Spawning Pool  
  17  1:16  Drone  
  17  1:20  Drone  
  18  1:28  Drone  
  19  1:39  Overlord  
  19  1:49  Drone  
  20  2:00  Zergling x2, Queen  
  20  2:01  Zergling x2, Queen  
  24  2:06  Metabolic Boost  
  26  2:10  Drone  
  26  2:15  Drone  
  28  2:21  Drone  
  29  2:24  Drone  
  30  2:33  Overlord  
  30  2:35  Drone, Queen  
  33  2:48  Hatchery  
  32  2:52  Drone x2  
  32  2:54  Drone  
  32  2:56  Drone  
  36  3:06  Spore Crawler, Drone  
  36  3:07  Drone  
  36  3:11  Drone  
  36  3:12  Overlord  
  38  3:13  Drone  
  38  3:14  Drone  
  38  3:16  Drone  
  38  3:19  Drone  
  42  3:22  Drone  
  43  3:27  Extractor  
  43  3:28  Drone  
  43  3:30  Roach Warren  
  43  3:32  Drone  
  43  3:37  Drone  
  43  3:40  Queen  
  46  3:44  Drone x4  
  46  3:47  Overlord  
  50  3:51  Drone  
  51  4:00  Drone x4  
  55  4:07  Drone  
  55  4:08  Drone  
  57  4:11  Overlord  
  57  4:12  Overlord  
  57  4:16  Roach x2  
  63  4:17  Roach  
  63  4:19  Roach  
  65  4:27  Spore Crawler  
  65  4:28  Spore Crawler  
  65  4:29  Roach x2, Spore Crawler  
  66  4:31  Roach x2  
  66  4:32  Roach  
  66  4:37  Roach x2  
  66  4:38  Roach  
  78  4:44  Overlord, Queen  
  80  4:53  Queen  
  80  4:56  Overlord  
  80  4:57  Overlord, Drone  
  81  5:00  Lair  
  81  5:01  Evolution Chamber  
  81  5:06  Drone  
  83  5:07  Drone x2  
  83  5:08  Roach  
  83  5:09  Drone  
  83  5:10  Drone x2  
  88  5:16  Drone x4  
  92  5:29  Drone x7  
  92  5:31  Zerg Melee Weapons Level 1  
  92  5:34  Extractor  
  98  5:37  Extractor  
  98  5:38  Extractor x2, Drone x4  
  98  5:39  Drone x2  
  98  5:40  Drone  
  102  5:45  Overlord  
  102  5:49  Overlord  
  102  5:53  Baneling Nest  
  102  5:54  Drone x3  
  104  6:05  Queen  
  106  6:18  Glial Reconstitution  
  106  6:20  Overlord  
  106  6:21  Hatchery  
  106  6:23  Zergling x4  
  106  6:24  Zergling x16  
  115  6:27  Overlord  
  115  6:33  Hatchery  
  115  6:34  Evolution Chamber  
  115  6:37  Overlord  
  115  6:38  Overlord  
  113  6:42  Centrifical Hooks  
  113  6:49  Overlord  
  113  6:54  Drone x2  
  113  7:01  Zerg Ground Armor Level 1  
  113  7:06  Drone x4  
  113  7:13  Overlord  
  113  7:15  Queen  
  114  7:24  Overlord  
  114  7:25  Zerg Melee Weapons Level 2  
  114  7:28  Roach x6  
  127  7:30  Zergling x20  
  134  7:47  Drone x7  
  134  7:48  Zergling x6  
  141  7:52  Ravager  
  141  7:53  Ravager x11  
  141  7:57  Drone x2  
  155  8:00  Zergling x18  
  164  8:07  Baneling x8, Overseer  
  164  8:13  Extractor, Overlord x2  
  164  8:16  Extractor  
  164  8:18  Drone x2  
  164  8:19  Zergling x6  
  167  8:20  Zergling x2  
  168  8:28  Drone  
  168  8:29  Ravager  
  168  8:30  Overlord x2, Ravager  
  171  8:36  Baneling  
  171  8:37  Baneling x11  
  171  8:52  Zergling x34  
  182  9:03  Zerg Ground Armor Level 2, Infestation Pit  
  177  9:11  Queen  
  177  9:12  Queen  
  177  9:13  Zergling x26  
  177  9:14  Zergling x2  
  195  9:22  Baneling x17  
  195  9:23  Baneling  
  193  9:35  Zergling x18  
  193  9:36  Zergling x6, Overlord  
  199  9:44  Drone  
  200  9:45  Spore Crawler  
  199  9:53  Hive  
  199  9:57  Spire  
  199  9:58  Baneling x10  
  197  10:01  Baneling x7  
  197  10:02  Baneling x9  
  197  10:14  Baneling x10  
  197  10:25  Drone x2  
  195  10:56  Zergling x8  
  195  10:57  Zergling x20, Hatchery  
  199  11:03  Zergling x2  
  199  11:04  Zergling x48  
  179  11:07  Zergling x2  
  173  11:13  Zergling x2  
  173  11:17  Baneling x18  
  173  11:18  Baneling  
  162  11:19  Baneling x8  
  162  11:21  Zergling x2  
  162  11:22  Zergling x8  
  160  11:29  Zergling x2  
  160  11:30  Zergling x6  
  160  11:32  Zerg Ground Armor Level 3, Adrenal Glands  
  153  11:33  Zerg Melee Weapons Level 3  
  153  11:38  Zergling x8  
  157  11:41  Baneling x9  
  157  11:44  Ravager x2  
  124  12:02  Zergling x20  
  124  12:03  Zergling x2  
  111  12:10  Zergling x8  
  103  12:17  Zergling x4  
  103  12:22  Zergling x8  
  109  12:40  Hatchery  
  107  12:47  Drone x3  
  109  12:51  Drone  
  109  12:52  Drone  
  109  12:55  Baneling x14  
  111  13:01  Overseer  
  111  13:05  Mutalisk  
  111  13:06  Mutalisk x2  
  116  13:16  Baneling  
  116  13:17  Baneling x11  
  116  13:24  Drone x2  
  116  13:26  Zergling x8  
  122  13:31  Zergling x6  
  125  13:35  Zergling x4  
  127  13:44  Baneling x11  
  126  14:02  Zergling x8  
  127  14:03  Zergling x14  
  127  14:05  Baneling x3  
  127  14:06  Baneling  
  127  14:07  Baneling  
Show
View Real Time Build Order
Export as new Build Order

ShoWTimE Protoss - Winner!

Build Orders: 1 Gate Expand, Zealot Archon, Dark Templar Rush 

Get SALT Encoding   

  12  0:00  Probe (Chrono Boost)  
  13  0:11  Probe (Chrono Boost)  
  14  0:19  Pylon  
  14  0:22  Probe (Chrono Boost)  
  15  0:37  Probe (Chrono Boost)  
  15  0:40  Gateway  
  16  0:44  Assimilator  
  16  0:48  Probe (Chrono Boost)  
  17  0:58  Probe (Chrono Boost)  
  18  1:09  Probe (Chrono Boost)  
  19  1:21  Nexus  
  19  1:24  Probe (Chrono Boost)  
  20  1:32  Cybernetics Core  
  20  1:36  Probe (Chrono Boost)  
  21  1:40  Assimilator  
  21  1:46  Probe (Chrono Boost)  
  22  1:50  Pylon  
  22  1:57  Probe (Chrono Boost)  
  23  2:06  Adept  
  24  2:10  Probe (Chrono Boost), Warp Gate  
  28  2:23  Mothership Core (Chrono Boost)  
  28  2:33  Probe (Chrono Boost)  
  29  2:41  Probe (Chrono Boost)  
  29  2:43  Twilight Council  
  29  2:44  Probe (Chrono Boost)  
  31  2:52  Probe (Chrono Boost)  
  31  2:54  Probe (Chrono Boost)  
  33  2:59  Robotics Facility  
  33  3:02  Probe (Chrono Boost)  
  33  3:05  Probe (Chrono Boost)  
  35  3:13  Probe (Chrono Boost)  
  35  3:15  Probe (Chrono Boost)  
  37  3:23  Probe (Chrono Boost)  
  37  3:26  Dark Shrine, Probe (Chrono Boost)  
  39  3:32  Gateway x2  
  40  3:34  Probe (Chrono Boost)  
  40  3:36  Probe (Chrono Boost), Gateway  
  41  3:42  Warp Prism  
  41  3:43  Pylon  
  43  3:49  Probe (Chrono Boost)  
  43  3:52  Probe (Chrono Boost)  
  43  3:53  Assimilator  
  45  3:57  Assimilator  
  45  3:59  Probe (Chrono Boost)  
  47  4:04  Probe (Chrono Boost)  
  47  4:05  Pylon  
  48  4:10  Probe (Chrono Boost)  
  48  4:13  Zealot  
  48  4:16  Probe (Chrono Boost)  
  51  4:17  Pylon  
  51  4:20  Probe (Chrono Boost)  
  52  4:28  Probe (Chrono Boost)  
  53  4:36  Pylon  
  53  4:41  Dark Templar x4  
  61  4:54  Observer  
  61  4:55  Nexus  
  61  4:58  Probe (Chrono Boost)  
  61  4:59  Probe (Chrono Boost)  
  64  5:03  Archon  
  64  5:05  Archon  
  64  5:09  Forge  
  64  5:10  Probe (Chrono Boost)  
  64  5:12  Probe (Chrono Boost)  
  66  5:15  Sentry x2  
  66  5:16  Sentry  
  72  5:23  Probe (Chrono Boost), Pylon, Gateway  
  72  5:24  Gateway  
  72  5:25  Probe (Chrono Boost)  
  74  5:32  Protoss Ground Weapons Level 1  
  74  5:34  Probe (Chrono Boost)  
  76  5:36  Pylon, Sentry  
  76  5:37  Probe (Chrono Boost)  
  76  5:39  Immortal  
  76  5:40  Pylon  
  78  5:44  Blink  
  78  5:46  Probe (Chrono Boost)  
  84  5:51  Probe (Chrono Boost)  
  85  5:58  Probe (Chrono Boost)  
  85  6:03  Probe (Chrono Boost)  
  86  6:04  Pylon  
  86  6:10  Probe x2 (Chrono Boost)  
  88  6:13  Gateway  
  88  6:15  Probe (Chrono Boost), Gateway, Sentry  
  88  6:16  Sentry  
  93  6:18  Pylon  
  93  6:22  Probe (Chrono Boost)  
  93  6:23  Assimilator  
  95  6:26  Probe (Chrono Boost)  
  95  6:27  Assimilator  
  95  6:28  Probe (Chrono Boost)  
  96  6:35  Probe (Chrono Boost)  
  97  6:40  Immortal  
  97  6:43  Probe (Chrono Boost), Pylon  
  97  6:44  Probe (Chrono Boost)  
  103  6:49  Stalker  
  103  6:50  Stalker x3  
  111  7:14  Immortal  
  111  7:15  Probe (Chrono Boost)  
  112  7:17  Photon Cannon x2  
  112  7:21  Pylon  
  116  7:30  Dark Templar x3  
  116  7:31  Dark Templar  
  116  7:32  Charge  
  116  7:33  Protoss Ground Weapons Level 2  
  116  7:34  Archon  
  116  7:35  Archon  
  124  7:38  Nexus  
  124  7:40  Pylon  
  124  7:50  Pylon  
  124  7:53  Immortal  
  128  8:08  Pylon  
  128  8:13  Photon Cannon  
  128  8:14  Dark Templar x2  
  128  8:18  Archon  
  132  8:21  Zealot x2  
  132  8:22  Zealot  
  132  8:23  Zealot x2  
  142  8:29  Probe x3 (Chrono Boost)  
  145  8:43  Dark Templar x3  
  145  8:44  Dark Templar  
  145  8:45  Zealot x2  
  145  8:46  Zealot x2  
  161  8:48  Archon  
  161  8:49  Archon  
  161  8:53  Gateway  
  161  8:54  Gateway  
  161  8:57  Immortal  
  165  9:13  Assimilator  
  165  9:14  Photon Cannon, Pylon  
  165  9:17  Assimilator  
  165  9:19  Dark Templar x4  
  165  9:22  Pylon  
  165  9:23  Archon x2  
  165  9:24  Pylon  
  173  9:35  Colossus  
  169  9:44  Dark Templar  
  169  9:45  Dark Templar x3  
  177  9:50  Archon x2  
  177  9:51  Observer  
  177  9:58  Photon Cannon  
  178  10:00  Zealot x4  
  178  10:01  Zealot x2  
  190  10:10  Protoss Shields Level 1  
  190  10:20  Archon x2, Dark Templar  
  190  10:21  Dark Templar x3  
  198  10:26  Archon  
  198  10:39  Archon  
  198  10:41  Stalker  
  192  10:59  Immortal, Stalker x4  
  192  11:00  Stalker x5  
  139  11:27  Zealot x6  
  139  11:28  Stalker x2  
  139  11:29  Stalker x2  
  157  11:37  Immortal  
  157  11:44  Nexus  
  157  11:46  Pylon  
  161  11:47  Dark Templar x3  
  161  11:48  Dark Templar  
  161  11:51  Archon x2  
  119  12:11  Immortal  
  115  12:17  Zealot x5  
  115  12:18  Zealot  
  115  12:21  Dark Templar x3  
  115  12:22  Dark Templar, Assimilator  
  129  12:26  Archon  
  129  12:27  Archon, Assimilator  
  127  12:31  Gateway  
  127  12:33  Gateway  
  127  12:34  Gateway  
  127  12:37  Gateway  
  127  12:40  Photon Cannon, Dark Templar x3, Gateway  
  127  12:41  Photon Cannon, Dark Templar  
  127  12:42  Zealot x2  
  127  12:43  Photon Cannon  
  139  12:45  Photon Cannon  
  139  12:46  Photon Cannon, Archon  
  139  12:47  Immortal, Archon  
  137  12:54  Stalker x3  
  147  13:02  Probe (Chrono Boost)  
  147  13:03  Probe x3 (Chrono Boost)  
  151  13:13  Zealot  
  151  13:14  Zealot x4  
  151  13:19  Dark Templar  
  163  13:24  Templar Archives  
  163  13:54  Dark Templar x2  
  163  13:55  Zealot x2, Dark Templar x2  
  171  13:56  Zealot x5  
  171  13:57  Zealot  
  171  13:59  Archon x2  
  171  14:02  High Templar  
  187  14:03  High Templar  
  187  14:07  Archon  
  187  14:09  Zealot  
  185  14:19  Zealot x8  
  177  14:28  Stalker x2  
  177  14:29  Stalker x2  
Tags
 
Add a new tag
Caveats
  • Supply blocks, unpowered buildings, or Contaminate may cause inaccurate times.
  • Supply counts are checked every 10 seconds.